 Dungeon Sprint DCSS version 0.29-a0-723-gce39da1c22 (webtiles) character file.

Game seed: 1124381503161918866

1883 mhtbhm the Imperceptible (level 8, -6/54 HPs)
             Began as a Spriggan Enchanter on June 28, 2022.
             Was a Believer of Dithmenos.
             Mangled by an earth elemental (34 damage)
             ... in the Dungeon (Sprint III: "The Ten Rune Challenge").
             The game lasted 00:02:20 (578 turns).

mhtbhm the Imperceptible (Spriggan Enchanter)        Turns: 578, Time: 00:02:20

Health: -6/54      AC:  3    Str:  4    XL:     8   Next: 92%
Magic:  21/21      EV: 21    Int: 17    God:    Dithmenos [**....]
Gold:   39         SH:  0    Dex: 17    Spells: 13/24 levels left

rFire   . . .      SeeInvis +   a - +1 dagger
rCold   . . .      Faith    .   (no shield)
rNeg    . . .      Spirit   .   b - +0 robe
rPois   .          Reflect  .   (helmet restricted)
rElec   .          Harm     .   j - +0 cloak
rCorr   .          Rampage  .   (gloves unavailable)
Will    +....      NoTele   +   (boots unavailable)
Stlth   ..........              (no amulet)
HPRegen 0.18/turn               (no ring)
MPRegen 0.17/turn               (no ring)

@: berserking (expiring), wreathed by umbra, very quick
A: very small, no large weapons, unfitting armour, see invisible, speed 3
a: Renounce Religion, Shadow Step


You were in the Dungeon.
You worshipped Dithmenos.
Dithmenos was pleased with you.
You visited 1 branch You collected 39 gold pieces.

Inventory:

Hand Weapons
 a - a +1 dagger (weapon)
Armour
 b - a +0 robe (worn)
 j - a +0 cloak (worn)
Scrolls
 i - a scroll of blinking
 k - a scroll of immolation {unknown}
 l - a scroll of vulnerability {unknown}
 n - a scroll of poison {unknown}
 o - 3 scrolls of fog {unknown}
Potions
 c - a potion of invisibility
 d - 2 potions of curing
 e - 2 potions of heal wounds
 f - a potion of haste
 g - 2 potions of magic
 h - a potion of berserk rage
 m - a potion of brilliance {unknown}
 p - 5 potions of mutation
 q - a potion of might
Miscellaneous
 r - a condenser vane (inert)


   Skills:
 + Level 4.3 Short Blades
 + Level 6.7 Dodging
 + Level 21.7 Stealth
 + Level 8.9 Spellcasting
 + Level 12.5 Hexes
 + Level 1.4 Ice Magic


You had 13 spell levels left.
You knew the following spells:

 Your Spells              Type           Power      Damage    Failure   Level
a - Ensorcelled Hibernat  Hex/Ice        62%        N/A       1%          2
b - Confusing Touch       Hex            50%        N/A       1%          3
c - Tukima's Dance        Hex            50%        N/A       1%          3
d - Dazzling Flash        Conj/Hex       56%        N/A       2%          3

Your spell library contained the following spells:

 Spells                   Type           Power      Damage    Failure   Level
 Ozocubu's Armour         Ice            12%        N/A       16%         3
 Iskenderun's Battlesphe  Conj           7%         2d6       95%         5
 Iron Shot                Conj/Erth      3%         9d2       100%        6
 Ozocubu's Refrigeration  Ice            6%         4d6       100%        7
 Spellforged Servitor     Conj/Summ      3%         N/A       100%        7


Dungeon Overview and Level Annotations

Branches:
Dungeon (1/1)

Altars:
Cheibriados
Dithmenos
Elyvilon
Fedhas
Gozag
Hepliaklqana
Kikubaaqudgha
Makhleb
Nemelex Xobeh
Okawaru
Qazlal
Ru
Sif Muna
Trog
Uskayaw
Vehumet
Wu Jian
Xom
Yredelemnul
Zin
The Shining One
Beogh
Jiyva
Lugonu


Innate Abilities, Weirdness & Mutations

You are very small and have problems with some larger weapons.
You are too small for most types of armour.
You have supernaturally acute eyesight. (SInv)
You cover ground extremely quickly. (Speed+++)


Message History

The earth elemental is lightly damaged.
You hit the earth elemental.
The earth elemental is lightly damaged.
You hit the earth elemental but do no damage.
The earth elemental is lightly damaged.
You hit the earth elemental.
The earth elemental is lightly damaged.
The earth elemental hits you.
You hit the earth elemental but do no damage.
The earth elemental is lightly damaged.
You hit the earth elemental.
The earth elemental is moderately damaged.
You barely miss the earth elemental.
The earth elemental is moderately damaged.
The earth elemental hits you!
You hit the earth elemental but do no damage.
The earth elemental is moderately damaged.
You hit the earth elemental.
The earth elemental is moderately damaged.
You hit the earth elemental.
The earth elemental is heavily damaged.
You puncture the earth elemental!
The earth elemental is heavily damaged.
The earth elemental misses you.
You barely miss the earth elemental.
The earth elemental is heavily damaged.
You barely miss the earth elemental.
The earth elemental is heavily damaged.
You barely miss the earth elemental.
The earth elemental is heavily damaged.
The earth elemental closely misses you.
You hit the earth elemental but do no damage.
The earth elemental is heavily damaged.
You hit the earth elemental.
The earth elemental is severely damaged.
You hit the earth elemental but do no damage.
The earth elemental is severely damaged.
The earth elemental hits you!!
Ouch! That really hurt!
You die...

▓ ▓▓▓ ♣♣ ♣.############ .♣
♣.#___#___#__# ♣♣
♣.#)..#__)#._#
♣♣♣♣♣.###'#'###'##
..♣.♣.#..........#
≈♣.♣♣.'.⌠........#
≈≈≈♣..#...######'#
≈≈....#.⌠.#__#..@#+#######
≈.....#...#__#..E#.§E§≈E§#
......#'###__#..§#.#≈§§#§#
......#.))#__#...'.#§§§#§#
......#___#__'...#.#§§§#..
▓▓▓▓▓▓▓▓▓▓▓▓▓▓▓▓▓▓▓▓▓▓▓▓▓▓▓


You could see an earth elemental.

Vanquished Creatures
  Josephine (D)
  A deep elf pyromancer (D)
  A shadow (D)
  A spatial vortex (D)
  A water elemental (D)
  A necrophage (D)
  Crazy Yiuf (D)
  A jelly (D)
  Jessica (D)
  A wizard (D)
  A necromancer (D)
  3 humans (D)
  A kobold demonologist (D)
  An endoplasm (D)
  2 rats (D)
18 creatures vanquished.

Notes
Turn   | Place    | Note
-------+----------+-------------------------------------------
     0 | D        | mhtbhm the Spriggan Enchanter began the quest for the Orb.
     0 | D        | Reached XP level 1. HP: 9/9 MP: 5/5
     8 | D        | Reached skill level 5 in Stealth
    11 | D        | Noticed Jessica
    14 | D        | Killed Jessica
    15 | D        | Reached skill level 7 in Stealth
    15 | D        | Reached skill level 5 in Hexes
    15 | D        | Reached XP level 2. HP: 13/13 MP: 5/7
    19 | D        | Reached XP level 3. HP: 16/16 MP: 6/9
    61 | D        | Learned a level 2 spell: Ensorcelled Hibernation
    65 | D        | Learned a level 3 spell: Confusing Touch
    69 | D        | Learned a level 3 spell: Tukima's Dance
   218 | D        | Noticed Crazy Yiuf
   225 | D        | Killed Crazy Yiuf
   226 | D        | Reached skill level 9 in Stealth
   226 | D        | Reached XP level 4. HP: 21/21 MP: 9/11
   260 | D        | Learned a level 3 spell: Dazzling Flash
   271 | D        | Noticed a water elemental
   278 | D        | Killed a water elemental
   279 | D        | Reached skill level 10 in Stealth
   279 | D        | Reached skill level 5 in Spellcasting
   279 | D        | Reached XP level 5. HP: 24/24 MP: 11/13
   289 | D        | Found a basalt altar of Yredelemnul.
   289 | D        | Found a shadowy altar of Dithmenos.
   289 | D        | Found a sacrificial altar of Ru.
   292 | D        | Reached skill level 11 in Stealth
   293 | D        | Reached skill level 12 in Stealth
   296 | D        | Became a worshipper of Dithmenos the Shadowed
   303 | D        | Found a hide-covered altar of Uskayaw.
   303 | D        | Found an iron altar of Okawaru.
   303 | D        | Found a bloodstained altar of Trog.
   303 | D        | Found an ornate altar of the Wu Jian Council.
   303 | D        | Noticed a human
   304 | D        | Noticed a human
   306 | D        | Killed a human
   307 | D        | Reached skill level 5 in Dodging
   307 | D        | Reached skill level 14 in Stealth
   307 | D        | Reached XP level 6. HP: 28/28 MP: 13/16
   307 | D        | Killed a human
   308 | D        | Reached skill level 15 in Stealth
   308 | D        | Reached skill level 10 in Hexes
   311 | D        | Found a glowing silver altar of Zin.
   311 | D        | Found a glowing golden altar of the Shining One.
   311 | D        | Found a white marble altar of Elyvilon.
   311 | D        | Noticed a deep elf pyromancer
   314 | D        | Killed a deep elf pyromancer
   314 | D        | Reached * piety under Dithmenos
   315 | D        | Reached skill level 18 in Stealth
   315 | D        | Reached skill level 1 in Ice Magic
   315 | D        | Reached XP level 7. HP: 32/32 MP: 14/19
   321 | D        | Found a radiant altar of Vehumet.
   322 | D        | Found a shimmering blue altar of Sif Muna.
   322 | D        | Found an ancient bone altar of Kikubaaqudgha.
   369 | D        | Noticed a shadow
   371 | D        | Killed a shadow
   371 | D        | Reached ** piety under Dithmenos
   372 | D        | Reached skill level 19 in Stealth
   372 | D        | Reached XP level 8. HP: 36/36 MP: 21/21
   377 | D        | Found a blossoming altar of Fedhas.
   377 | D        | Found a stormy altar of Qazlal.
   378 | D        | Found a snail-covered altar of Cheibriados.
   378 | D        | Found a burning altar of Makhleb.
   378 | D        | Found a hazy altar of Hepliaklqana.
   378 | D        | Found a shimmering altar of Xom.
   378 | D        | Found an opulent altar of Gozag.
   378 | D        | Found a sparkling altar of Nemelex Xobeh.
   378 | D        | Found a corrupted altar of Lugonu.
   378 | D        | Found a viscous altar of Jiyva.
   404 | D        | Noticed Josephine
   407 | D        | Killed Josephine
   408 | D        | Reached skill level 21 in Stealth
   578 | D        | Mangled by an earth elemental

Illustrated notes

Levels and vault maps discovered:
D:        dungeon_sprint_mu [sprint_mu_entry_forest, sprint_mu_temple_rooms,
          sprint_mu_d1_horrors, sprint_mu_d2_genie, sprint_mu_d3_branching,
          sprint_mu_orc_legion, sprint_mu_elf_gauntlet, sprint_mu_hive_nellie,
          sprint_mu_lair_fedhas, sprint_mu_vaults_butterflies,
          sprint_mu_slime_circle, sprint_mu_swamp_cave, sprint_mu_shoals_kraken,
          sprint_mu_blade_basic, sprint_mu_crypt_fortress,
          sprint_mu_tomb_spiral, sprint_mu_vestibule_basic,
          sprint_mu_gehenna_hellfire, sprint_mu_dis_giant,
          sprint_mu_tartarus_statrot, sprint_mu_cocytus_islands, sprint_mu_zot1]

Skill      XL: |  1  2  3  4  5  6  7  8 |
---------------+-------------------------+-----
Stealth        | 7 9 10 14 18 19 21 | 21.7
Hexes          | 5 7 8 9 11 12 | 12.5
Dodging        | 3 4 5 6 |  6.7
Spellcasting   | 3 4 5 6 8 |  8.9
Short Blades   | 2 3 4 |  4.3
Ice Magic      | 1 |  1.4

Action                   |  1- 3 |  4- 6 |  7- 9 || total
-------------------------+-------+-------+-------++-------
Melee: Dagger            |    11 |     8 |    28 ||    47
 Cast: Confusing Touch   |     1 |       |       ||     1
       Ensorcelled Hiber |     1 |       |       ||     1
Invok: Shadow Step       |       |       |     1 ||     1
Evoke: Condenser vane    |       |       |     1 ||     1
  Use: Potion            |       |     1 |     1 ||     2
 Stab: Sleeping          |     5 |     5 |     6 ||    16
       Confused          |     1 |       |       ||     1
       Invisible         |       |     2 |       ||     2
Dodge: Dodged            |     6 |     2 |     4 ||    12

Table legend: (Time is in decaauts)
 A = Elapsed time spent in this place.
 B = Non-inter-level travel time spent in this place.
 C = Inter-level travel time spent in this place.
 D = Time resting spent in this place.
 E = Time spent auto-exploring this place.
 F = Levels seen in this place.
 G = Mean time per level.
                   A        B        C        D        E       F      G
               +--------+--------+--------+--------+--------+-----+--------+
         Total |    486 |    486 |      0 |    247 |     34 |   1 |  486.0 |
       Dungeon |    486 |    486 |      0 |    247 |     34 |   1 |  486.0 |
               +--------+--------+--------+--------+--------+-----+--------+

Top non-repeatable levels by time:
       D: 486 daAuts
